Map: Automaton LE

Players

Odin

  • Race: Terran Terran
  • League: Gold
  • Spawn Location: 3:00

keyser - Winner!

  • Race: Terran Terran
  • League: Gold

VOD

Have the link to the VOD?

Description

Time

  • Played on: Dec. 12, 2018, 11:48 p.m.
  • Length: 2:18
Show
View Real Time Build Order
Export as new Build Order

Odin Terran 

Build Orders:  

Get SALT Encoding   

  12  0:00  Unknown  
  12  0:03  Unknown  
  12  0:04  SCV  
  13  0:20  Barracks  
  13  0:27  SCV  
  14  0:37  Barracks  
  14  0:43  SCV  
  15  0:52  Marine, Unknown  
  15  0:54  Marine  
  15  0:57  SCV  
  15  1:02  Marine  
  15  1:03  Marine  
  18  1:15  Marine x2  
Show
View Real Time Build Order
Export as new Build Order

keyser Terran - Winner!

Build Orders:  

Get SALT Encoding   

  12  0:00  Unknown x2  
  12  0:03  Unknown  
  13  0:21  Refinery  
  13  0:23  Unknown  
  14  0:35  Unknown  
  15  0:48  Unknown  
  16  0:52  Refinery  
  16  1:00  Unknown  
  16  1:04  Unknown  
  17  1:17  Unknown  
  18  1:31  Unknown  
  19  1:35  Unknown  
  19  1:43  Unknown  
  13  1:55  Unknown  
  13  2:07  Unknown  
  8  2:08  Unknown x3  
Tags
 
League
GoldGold
Matchup
TvT
Race
Terran
Add a new tag
Caveats
  • Supply blocks, unpowered buildings, or Contaminate may cause inaccurate times.
  • Supply counts are checked every 10 seconds.